 Dungeon Crawl Stone Soup version 0.23-a0-183-gf37f6fb (webtiles) character file.

88 Gildeon the Conjurer (level 4, -3/24 HPs)
             Began as a Deep Elf Conjurer on Sept 23, 2018.
             Was an Initiate of Vehumet.
             Slain by a gnoll
             ... wielding a +0 club
              (9 damage)
             ... on level 2 of the Dungeon.
             The game lasted 00:12:30 (1752 turns).

Gildeon the Conjurer (Deep Elf Conjurer)            Turns: 1752, Time: 00:12:31

Health: -3/24      AC:  3    Str:  5    XL:     4   Next: 29%
Magic:  1/12       EV: 14    Int: 21    God:    Vehumet [......]
Gold:   118        SH:  0    Dex: 15    Spells: 1/11 levels left

rFire    . . .     SeeInvis .   q - +0 dagger
rCold    . . .     Gourm    .   (no shield)
rNeg     + . .     Faith    .   a - +0 robe
rPois    +         Spirit   .   j - +0 helmet
rElec    .         Reflect  .   (no cloak)
rCorr    .         Harm     .   (no gloves)
MR       .....                  (no boots)
Stlth    ++........             (no amulet)
HPRegen  0.08/turn              b - ring of poison resistance
MPRegen  0.13/turn              d - ring of positive energy

@: no status effects
A: no striking features
a: Renounce Religion


You were on level 2 of the Dungeon.
You worshipped Vehumet.
Vehumet was noncommittal.
You were not hungry.

You visited 1 branch of the dungeon, and saw 2 of its levels.

You collected 118 gold pieces.

Inventory:

Hand Weapons
 q - a +0 dagger (weapon)
Missiles
 k - 6 curare-tipped needles
Armour
 a - a +0 robe (worn)
 j - a +0 helmet (worn)
Jewellery
 b - a ring of poison resistance (left hand)
 d - a ring of positive energy (right hand)
Scrolls
 f - a scroll of identify
 g - a scroll of enchant armour {unknown}
 p - a scroll of magic mapping {unknown}
Potions
 e - a potion of mutation {unknown}
 h - a potion of might
 i - a potion of cancellation {unknown}
 l - a potion of ambrosia {unknown}
 n - a potion of curing {unknown}
Comestibles
 c - 4 rations


   Skills:
 + Level 3.4 Dodging
 + Level 3.6 Stealth
 + Level 4.0 Spellcasting
 + Level 5.0 Conjurations


You had one spell level left.
You knew the following spells:

 Your Spells              Type           Power        Failure   Level  Hunger
a - Magic Dart            Conj           ####         1%          1    None
b - Searing Ray           Conj           ####..       2%          2    #......
c - Dazzling Spray        Conj/Hex       ##....       13%         3    ###....
d - Iskenderun's Mystic   Conj           ####....     16%         4    ####...

Your spell library contained the following spells:

 Spells                   Type           Power        Failure   Level  Hunger
 Force Lance              Conj/Tloc      ##......     38%         4    ####...
 Fulminant Prism          Conj/Hex       ##........   38%         4    ####...


Dungeon Overview and Level Annotations

Branches:
Dungeon (1/15)

Altars:
Gozag
Vehumet


Message History

A gnoll comes into view. It is wielding a club.
The gnoll hits you with a club!
You hit the gnoll but do no damage.
The gnoll is almost dead.
The gnoll hits you with a club. The gnoll barely misses you.
The gnoll barely misses you. The gnoll hits you but does no damage.
You see here 4 stones.
Casting: Magic Dart (safe; 1% risk of failure)
Confirm with . or Enter, or press ? or * to list all spells.
Aiming: Magic Dart (safe; 1% risk of failure)
Press: ? - help, Shift-Dir - straight line, f/p - gnoll
Aim: a gnoll, wielding a club (severely wounded)
The magic dart hits the gnoll.
The gnoll is lightly wounded.
The gnoll barely misses you. The gnoll hits you with a club.
* * * LOW HITPOINT WARNING * * *
The gnoll hits you with a club!
You die...

......# #.........### #######
#..#...#.... # #.###.###.# #
#..#...#..####.# #
########...._....)..g.#
#########.........#...#.[#####
..........#####..###.###.#
########### #..g#...#..#
#.@g.......# #.(g.....###
##########


You could see 3 gnolls.

Vanquished Creatures
  4 gnolls (D:2)
  An ooze (D:2)
  3 dart slugs
  A leopard gecko (D:2)
  3 bats
  A giant cockroach (D:1)
  3 goblins
  5 hobgoblins
  3 jackals (D:1)
  7 kobolds
  3 ball pythons
  4 frilled lizards
  2 rats (D:2)
40 creatures vanquished.

Notes
Turn   | Place    | Note
-------+----------+-------------------------------------------
     0 | D:1      | Gildeon the Deep Elf Conjurer began the quest for the Orb.
     0 | D:1      | Reached XP level 1. HP: 10/10 MP: 6/6
   118 | D:1      | Reached XP level 2. HP: 15/15 MP: 0/8
   188 | D:1      | Learned a level 2 spell: Searing Ray
   878 | D:1      | You fall through a shaft!
   934 | D:2      | Reached XP level 3. HP: 19/19 MP: 8/10
   939 | D:2      | Learned a level 3 spell: Dazzling Spray
  1319 | D:2      | Found an opulent altar of Gozag.
  1332 | D:2      | Reached XP level 4. HP: 13/24 MP: 4/11
  1470 | D:2      | Learned a level 4 spell: Iskenderun's Mystic Blast
  1704 | D:2      | Found a radiant altar of Vehumet.
  1726 | D:2      | Became a worshipper of Vehumet
  1733 | D:2      | Reached skill level 5 in Conjurations
  1752 | D:2      | Slain by a gnoll

Vault maps used:
D:1:      lemuel_arrival_broad_hall
D:2:      vehumet_crystals, nicolae_overflow_hidden_temple,
          hangedman_decor_points

Skill      XL: |  1  2  3  4 |
---------------+-------------+-----
Stealth        | 3 |  3.6
Dodging        | 3 |  3.4
Spellcasting   | 4 |  4.0
Conjurations   | 5 |  5.0

Action                   |  1- 3 |  4- 6 || total
-------------------------+-------+-------++-------
Melee: Dagger            |     5 |     4 ||     9
       Club              |     2 |       ||     2
       Short sword       |     2 |       ||     2
 Cast: Magic Dart        |    72 |    24 ||    96
  Use: Scroll            |     4 |       ||     4
       Potion            |     1 |       ||     1
 Stab: Sleeping          |     3 |     1 ||     4
  Eat: Chunk             |     1 |     1 ||     2
Armor: Robe              |     7 |     3 ||    10
Dodge: Dodged            |    30 |    11 ||    41

Table legend:
 A = Non-vault XP
 B = Vault XP
 C = Vault XP percentage of total XP
 D = Non-vault monster count
 E = Vault monster count
 F = Vault count percentage of total count
                 A         B        C        D         E       F
            +---------+---------+-------+---------+---------+-------
      Total |     126 |       0 |   0.0 |      40 |       0 |   0.0
            +---------+---------+-------+---------+---------+-------
        D:1 |      35 |       0 |   0.0 |      20 |       0 |   0.0
        D:2 |      91 |       0 |   0.0 |      20 |       0 |   0.0
            +---------+---------+-------+---------+---------+-------
